 Dungeon Crawl Stone Soup version 0.27.1-33-g824d729ab1 (webtiles) character file.

Game seed: 14985689512598788465

21 safid the Skirmisher (level 2, -4/27 HPs)
             Began as a Hill Orc Fighter on Dec 21, 2021.
             Succumbed to Jessica's poison
             ... on level 2 of the Dungeon.
             The game lasted 00:01:22 (1064 turns).

safid the Skirmisher (Hill Orc Fighter)             Turns: 1064, Time: 00:01:23

Health: -4/27      AC: 11    Str: 18    XL:     2   Next: 87%
Magic:  2/2        EV:  3    Int:  8    God:
Gold:   54         SH:  9    Dex: 10    Spells: 1/1 levels left

rFire    . . .     SeeInvis .   a - +0 war axe
rCold    . . .     Faith    .   c - +0 kite shield
rNeg     . . .     Spirit   .   i - +0 plate armour
rPois    .         Reflect  .   (no helmet)
rElec    .         Harm     .   (no cloak)
rCorr    .         Rampage  .   (no gloves)
Will     .....                  (no boots)
Stlth    ..........             (no amulet)
HPRegen  0.09/turn              (no ring)
MPRegen  0.08/turn              (no ring)

@: lethally poisoned (-4 -> -27)
A: no striking features
a: no special abilities


You were on level 2 of the Dungeon.
You visited 1 branch of the dungeon, and saw 2 of its levels.

You collected 54 gold pieces.

Inventory:

Hand Weapons
 a - a +0 war axe (weapon)
Armour
 c - a +0 kite shield (worn)
 i - a +0 plate armour (worn)
Scrolls
 b - a scroll of noise {unknown}
 e - a scroll of torment {unknown}
 f - a scroll of fear {unknown}
 g - 2 scrolls of enchant weapon {unknown}
Potions
 d - 2 potions of might


   Skills:
 - Level 4.0 Fighting
 + Level 3.2 Axes
 + Level 3.6 Armour
 + Level 3.5 Shields


You had one spell level left.
You didn't know any spells.
Your spell library was empty.

Dungeon Overview and Level Annotations

Branches:
Dungeon (2/15)

Altars:

Annotations:
D:2 Jessica


Message History

You feel very sick.
The frilled lizard hisses angrily.
You block the ball python's attack. The ball python constricts you.
Jessica shouts, "You're disturbing me!
I'll have to kill you!" Jessica hits you but does no damage.
The ball python bites you but does no damage.
The ball python constricts you.
Your shield prevents you from hitting Jessica.
You barely miss the ball python.
You feel sick. Jessica hits you but does no damage.
You are more poisoned.
You block the ball python's attack. The ball python constricts you.
Jessica mumbles some strange words.
Jessica seems to speed up.
The ball python bites you. The ball python constricts you.
You slash Jessica!
Jessica is almost dead.
Your shield prevents you from hitting the ball python.
You feel very sick. Jessica hits you but does no damage.
The ball python bites you but does no damage.
The ball python constricts you.
Jessica hits you with a +1 dagger of venom.
You are lethally poisoned!
Your plate armour prevents you from hitting Jessica.
Jessica is almost dead.
You slash the ball python!
You kill the ball python!
You feel very sick. Jessica hits you but does no damage.
You are more poisoned.
Jessica casts a spell.
Jessica blinks!
Jessica points at you and mumbles some strange words.
Pain shoots through your body!
* * * LOW HITPOINT WARNING * * *
Training target 4.0 for Fighting reached!
Your Fighting skill increases to level 4!
It was a potion of cancellation.
You feel magically purged.
You die...

#.# .#. ..
#.
#.#######
#@.<....#
#..####....
#..# # #.@#
#..§l#
#.##$# #.
#.# # #.#
#.# ... #.#


You could see Jessica (fast) and a frilled lizard.

Vanquished Creatures
  2 dart slugs (D:1)
  3 ball pythons
  2 endoplasms (D:1)
  A giant cockroach (D:1)
  2 hobgoblins (D:1)
  2 bats (D:1)
  3 frilled lizards (D:1)
  A kobold (D:1)
  2 rats (D:1)
18 creatures vanquished.

Notes
Turn   | Place    | Note
-------+----------+-------------------------------------------
     0 | D:1      | safid the Hill Orc Fighter began the quest for the Orb.
     0 | D:1      | Reached XP level 1. HP: 19/19 MP: 1/1
   336 | D:1      | Reached XP level 2. HP: 27/27 MP: 2/2
  1055 | D:2      | Noticed Jessica
  1063 | D:2      | HP: 1/27 [Jessica/nerve-wracking pain (8)]
  1064 | D:2      | Reached skill level 4 in Fighting
  1064 | D:2      | Succumbed to Jessica's poison

Illustrated notes

Levels and vault maps discovered:
D:1:      dpeg_arrival_yet_another_circle, layout_basic
D:2:      layout_loops_ring, uniq_jessica

Skill      XL: |  1  2 |
---------------+-------+-----
Axes           | 3 |  3.2
Fighting       | 4 |  4.0
Armour         | |  3.6
Shields        | |  3.5

Action                   || total
-------------------------++-------
Melee: War axe           ||    52
  Use: Potion            ||     1
Armor: Scale mail        ||    18
       Plate armour      ||    14
Dodge: Dodged            ||    17
Block: Kite shield       ||    32
